 Dungeon Crawl Stone Soup version 0.22-a0-247-gbddf880757 (webtiles) character file.

6869 Peterchen the Severer (level 10, 0/77 HPs)
             Began as a Minotaur Berserker on Feb 25, 2018.
             Was an Elder of Trog.
             Slain by a wyvern (7 damage)
             ... on level 10 of the Dungeon.
             The game lasted 00:17:00 (7243 turns).

Peterchen the Severer (Minotaur Berserker)          Turns: 7243, Time: 00:17:01

Health: 0/77       AC: 15    Str: 26    XL:     10   Next: 78%
Magic:  0/18       EV:  8    Int:  4    God:    Trog [****..]
Gold:   30         SH:  2    Dex:  9    Spells: 9/9 levels left

rFire    . . .     SeeInvis .   t - +0 war axe
rCold    . . .     Gourm    .   y - +0 buckler
rNeg     . . .     Faith    .   d - +1 plate armour
rPois    +         Spirit   +   q - +1 hat
rElec    .         Reflect  .   z - +0 cloak {MR+}
rCorr    .         Harm     .   x - +0 pair of gloves
MR       +....                  (no boots)
Stlth    ..........             w - amulet of guardian spirit
HPRegen  0.22/turn              G - ring of Daor {rPois EV+1}
MPRegen  0.16/turn              B - ring of magical power

@: no status effects
A: retaliatory headbutt, horns 2
a: Berserk, Trog's Hand, Brothers in Arms, Renounce Religion


You were on level 10 of the Dungeon.
You worshipped Trog.
Trog was greatly pleased with you.
You were not hungry.

You visited 1 branch of the dungeon, and saw 10 of its levels.
You also visited: Sewer.

You collected 545 gold pieces.
You spent 515 gold pieces at shops.

Inventory:

Hand Weapons
 t - a +0 war axe (weapon)
Armour
 d - a +1 plate armour (worn)
 q - a +1 hat (worn)
 x - a +0 pair of gloves (worn)
 y - a +0 buckler (worn)
 z - a +0 cloak of magic resistance (worn)
Jewellery
 f - an uncursed ring of protection from fire
 w - an amulet of guardian spirit (around neck)
 B - a ring of magical power (right hand)
 D - an uncursed ring of protection from cold
 G - the ring of Daor (left hand) {rPois EV+1}
   (You found it on level 8 of the Dungeon)

   [ring of evasion]

   It affects your evasion (+1).
   It protects you from poison.
Wands
 p - a wand of digging (16)
 v - a wand of enslavement (6)
 E - a wand of acid (9)
Scrolls
 b - 2 scrolls of enchant armour
 g - 4 scrolls of teleportation
 k - 5 scrolls of remove curse
 m - 2 scrolls of magic mapping
 s - 3 scrolls of blinking
 u - 5 scrolls of immolation
 A - 2 scrolls of fog
 C - a scroll of torment {unknown}
Potions
 e - 2 potions of lignification
 h - 6 potions of heal wounds
 i - 4 potions of curing {unknown}
 j - a potion of agility {unknown}
 l - 3 potions of haste {unknown}
 n - a potion of might
 o - 3 potions of brilliance {unknown}
 r - 2 potions of berserk rage {unknown}
 H - a potion of degeneration {unknown}
Comestibles
 c - 19 rations


   Skills:
 - Level 3.6 Fighting
 * Level 18.3 Axes
 - Level 2.4 Armour
 - Level 2.1 Dodging


You had 9 spell levels left.
You didn't know any spells.

Dungeon Overview and Level Annotations

Branches:
Dungeon (10/15)            Temple (0/1) D:7            Lair (0/6) D:8
    Orc (0/2) D:9

Altars:
Cheibriados
Dithmenos
Hepliaklqana
Ru
Wu Jian
The Shining One

Shops:
D:5 [   D:9 }:(!%


Innate Abilities, Weirdness & Mutations

You reflexively headbutt those who attack you in melee.
You have a pair of horns on your head.


Message History

The two-headed ogre hits you but does no damage. x2
Things that are here:
an arrow; a bullfrog corpse You swap places.
The centaur shoots an arrow.
The arrow hits you.
* * * LOW HITPOINT WARNING * * *
Your ogre barely misses the two-headed ogre.
You see here an arrow.
The centaur shoots an arrow.
The arrow hits your ogre!
Your ogre hits the two-headed ogre with a giant club!!
The two-headed ogre dies!
Trog accepts your kill.
Your Axes skill increases to level 18!
The centaur shoots an arrow.
The arrow barely misses your ogre. The arrow barely misses you.
The arrow hits the wyvern!
Things that are here:
a giant club x2
Okay, then.
You eat one of the 20 rations.
That ration really hit the spot!
The wyvern bites you!
You die...

#.#.. .# ##.#.##.
#.... .# #...##.
#...#.##.. ###...#.#H.
## #
+......#########.#.#..
#......c=(†O........
#.........(@l.###
#.###......(..# #.#
#.#######..# #.# #.#
..... #.# #.# ...##.
#.# #.# .#... #(# #.#
##..#. #.# ...
######.########


You could see a wyvern, a centaur and a friendly ogre (berserk).

Vanquished Creatures
  The ghost of marsu the Severer, a novice MiBe of Trog (D:9)
  A two-headed ogre (D:10)
  The ghost of Peterchen the Severer, a novice MiBe of Trog (D:8)
  Joseph (D:7)
  A spriggan (D:8)
  A wyvern (D:8)
  2 orc warriors
  A sky beast (D:8)
  A phantom (D:6)
  A necrophage (D:10)
  An eye of draining (D:9)
  6 ice beasts
  4 ogres
  3 centaurs
  A crocodile (Sewer)
  5 bullfrogs
  A scorpion (D:5)
  3 killer bees (D:8)
  3 wights (D:6)
  A howler monkey (D:10)
  5 crimson imps
  2 bullfrog zombies
  A centaur zombie (D:9)
  6 hounds
  2 centaur skeletons
  8 orc priests
  2 iguanas
  4 orc wizards
  Crazy Yiuf (D:5)
  4 worker ants
  2 hound skeletons
  8 adders
  2 river rats (D:4)
  3 oozes
  An adder skeleton (D:5)
  2 dart slugs
  5 leopard geckos
  30 orcs
  13 bats
  8 giant cockroaches
  8 goblins
  3 hobgoblins
  8 jackals
  12 kobolds
  4 quokkas
  3 frilled lizards
  A quokka skeleton (D:4)
  A quokka zombie (D:7)
  8 rats
196 creatures vanquished.

Vanquished Creatures (collateral kills)
  A two-headed ogre (D:10)
  A bullfrog (D:10)
  A leopard gecko (D:10)
3 creatures vanquished.

Vanquished Creatures (others)
  5 plants (D:8)
5 creatures vanquished.

Grand Total: 204 creatures vanquished

Notes
Turn   | Place    | Note
-------+----------+-------------------------------------------
     0 | D:1      | Peterchen the Minotaur Berserker began the quest for the Orb.
     0 | D:1      | Reached XP level 1. HP: 19/19 MP: 0/0
    60 | D:1      | Reached skill level 4 in Axes
   105 | D:1      | Reached XP level 2. HP: 13/26 MP: 1/1
   308 | D:1      | Reached skill level 5 in Axes
   787 | D:1      | Found a glowing golden altar of the Shining One.
  1145 | D:2      | Reached XP level 3. HP: 31/31 MP: 2/2
  1176 | D:2      | Reached ** piety under Trog
  1362 | D:2      | Reached XP level 4. HP: 39/39 MP: 3/3
  1413 | D:2      | Found an ornate altar of the Wu Jian Council.
  1455 | D:2      | Reached skill level 6 in Axes
  2624 | D:4      | Found a glowing drain.
  2649 | D:4      | Reached skill level 7 in Axes
  2649 | D:4      | Reached XP level 5. HP: 27/45 MP: 4/4
  2661 | Sewer    | Entered a sewer
  2676 | Sewer    | Reached *** piety under Trog
  2918 | Sewer    | Noticed a crocodile
  2927 | Sewer    | Killed a crocodile
  2927 | Sewer    | Reached skill level 8 in Axes
  3084 | D:4      | Reached XP level 6. HP: 48/51 MP: 5/5
  3230 | D:4      | Found a shadowy altar of Dithmenos.
  3434 | D:5      | Entered Level 5 of the Dungeon
  3440 | D:5      | Noticed an ice beast
  3447 | D:5      | Killed an ice beast
  3447 | D:5      | Reached skill level 9 in Axes
  3710 | D:5      | Reached XP level 7. HP: 42/57 MP: 6/6
  3741 | D:5      | Reached skill level 10 in Axes
  4085 | D:5      | Found Xaf Qinn's Antique Armour Shoppe.
  4093 | D:5      | Bought an embroidered cloak for 195 gold pieces
  4169 | D:5      | Found a runed door.
  4173 | D:5      | Noticed Crazy Yiuf
  4182 | D:5      | Killed Crazy Yiuf
  4496 | D:6      | Reached skill level 11 in Axes
  4624 | D:6      | Reached XP level 8. HP: 58/64 MP: 7/7
  4679 | D:6      | Reached **** piety under Trog
  4787 | D:6      | Reached skill level 12 in Axes
  5243 | D:7      | Noticed Joseph
  5257 | D:7      | Killed Joseph
  5257 | D:7      | Reached skill level 13 in Axes
  5296 | D:7      | Reached XP level 9. HP: 64/70 MP: 8/8
  5364 | D:7      | Reached skill level 14 in Axes
  5491 | D:7      | Found a staircase to the Ecumenical Temple.
  5742 | D:7      | Found a snail-covered altar of Cheibriados.
  5746 | D:7      | Found a hazy altar of Hepliaklqana.
  5751 | D:7      | Found a sacrificial altar of Ru.
  6143 | D:8      | Found a staircase to the Lair.
  6144 | D:8      | Noticed a komodo dragon
  6247 | D:8      | Reached skill level 15 in Axes
  6330 | D:8      | Noticed Peterchen's ghost (novice MiBe)
  6345 | D:8      | Killed Peterchen's ghost
  6351 | D:8      | Reached skill level 16 in Axes
  6360 | D:8      | Got a translucent platinum ring
  6362 | D:8      | Identified the ring of Daor {rPois EV+1} (You found it on level 8 of the Dungeon)
  6507 | D:9      | Found Pyned Ybe's Gadget Boutique.
  6509 | D:9      | Noticed marsu's ghost (novice MiBe)
  6521 | D:9      | Killed marsu's ghost
  6521 | D:9      | Reached XP level 10. HP: 77/77 MP: 9/9
  6531 | D:9      | Found Xuecsim's Book Emporium.
  6560 | D:9      | Reached ***** piety under Trog
  6607 | D:9      | Reached skill level 17 in Axes
  6628 | D:9      | Found Deisif's Food Shop.
  6821 | D:9      | Found a staircase to the Orcish Mines.
  6861 | D:9      | Found Kovvell's Distillery.
  6867 | D:9      | Bought a potion of heal wounds for 80 gold pieces
  6867 | D:9      | Bought a potion of heal wounds for 80 gold pieces
  6867 | D:9      | Bought 2 potions of heal wounds for 160 gold pieces
  6958 | D:9      | Found Wisypocre's Weapon Boutique.
  7127 | D:10     | Entered Level 10 of the Dungeon
  7156 | D:10     | Noticed a two-headed ogre
  7165 | D:10     | Killed a two-headed ogre
  7211 | D:10     | Noticed a manticore
  7222 | D:10     | Noticed a two-headed ogre
  7241 | D:10     | Killed a two-headed ogre
  7241 | D:10     | Reached skill level 18 in Axes
  7243 | D:10     | Slain by a wyvern

Vault maps used:
D:1:      giann_horns, tso_altar
D:2:      lemuel_doored_altar
D:4:      grunt_dithmenos_smoke_and_mirrors, first_ration, portal_sewer_entry_a,
          wad_orctagon
D:5:      serial_shops, shop, uniq_crazy_yiuf_cottage
D:6:      nicolae_benzene_ring
D:7:      minmay_overflow_temple_star_quad, minmay_temple_entry_nine_rooms,
          uniq_joseph
D:8:      david_lair_shrubbed, grunt_pizzeria
D:9:      orc_0_dummy, serial_shops, shop, shop, shop_fountains, shop, shop
D:10:     minmay_the_grid_triangle_9x9_rhombus_thin, minmay_misc_feat_columns
Sewer:    sewer_big_baddie

Skill      XL: |  1  2  3  4  5  6  7  8  9 10 |
---------------+-------------------------------+-----
Axes           | 4 5 7 8 9 11 13 16 18 | 18.3
Fighting       | |  3.6
Armour         | |  2.4
Dodging        | |  2.1

Action                   |  1- 3 |  4- 6 |  7- 9 | 10-12 || total
-------------------------+-------+-------+-------+-------++-------
Melee: Hand axe          |    88 |   180 |   221 |       ||   489
       Headbutt          |    11 |    41 |    59 |    14 ||   125
       War axe           |       |       |    89 |    71 ||   160
Invok: Berserk           |     1 |     3 |     5 |     1 ||    10
       Brothers in Arms  |       |       |       |     1 ||     1
  Use: Scroll            |     3 |       |     7 |       ||    10
 Stab: Sleeping          |     1 |       |       |       ||     1
       Invisible         |       |       |     2 |       ||     2
  Eat: Chunk             |     2 |    11 |    13 |     2 ||    28
       Ration            |       |       |       |     1 ||     1
Armor: Plate armour      |    36 |   120 |   161 |    45 ||   362
       Animal skin       |     6 |       |       |       ||     6
Dodge: Dodged            |    52 |    69 |    70 |    23 ||   214
Block: Buckler           |       |       |    22 |     6 ||    28

Table legend:
 A = Spawn XP
 B = Non-spawn XP
 C = Spawn XP percentage of total XP
 D = Spawn monster count
 E = Non-spawn monster count
 F = Spawn count percentage of total count
 G = Total turns spent on level
                    A         B        C        D         E        F      G
               +---------+---------+-------+---------+---------+-------+---------
         Total |       0 |    9813 |   0.0 |       0 |     199 |   0.0 |  7243
               +---------+---------+-------+---------+---------+-------+---------
           D:1 |       0 |      38 |   0.0 |       0 |      20 |   0.0 |  1116
           D:2 |       0 |      70 |   0.0 |       0 |      20 |   0.0 |   644
           D:3 |       0 |      58 |   0.0 |       0 |      24 |   0.0 |   816
           D:4 |       0 |     210 |   0.0 |       0 |      20 |   0.0 |   545
           D:5 |       0 |     644 |   0.0 |       0 |      25 |   0.0 |   986
           D:6 |       0 |     958 |   0.0 |       0 |      18 |   0.0 |   804
           D:7 |       0 |     945 |   0.0 |       0 |      14 |   0.0 |   561
           D:8 |       0 |    2313 |   0.0 |       0 |      23 |   0.0 |   722
           D:9 |       0 |    2370 |   0.0 |       0 |      21 |   0.0 |   620
          D:10 |       0 |    2094 |   0.0 |       0 |       8 |   0.0 |   116
         Sewer |       0 |     113 |   0.0 |       0 |       6 |   0.0 |   313
               +---------+---------+-------+---------+---------+-------+---------
